 Dungeon Crawl Stone Soup version 0.31-a0-121-g1e386dd289 (webtiles) character file.

Game seed: 14983882059161528372

4 xian the Twirler (level 1, -2/13 HPs)
             Began as a Demonspawn Wanderer on June 1, 2023.
             Slain by a quokka (3 damage)
             ... on level 1 of the Dungeon.
             The game lasted 00:00:41 (274 turns).

xian the Twirler (Demonspawn Wanderer)               Turns: 274, Time: 00:00:42

Health: -2/13      AC:  3    Str: 15    XL:     1   Next: 58%
Magic:  1/1        EV: 11    Int: 10    God:
Gold:   32         SH:  0    Dex: 12    Spells: 0/0 levels left

rFire   . . .        a - +2 dagger
rCold   . . .        (no shield)
rNeg    . . .        f - +0 leather armour
rPois   .            (no helmet)
rElec   .            (no cloak)
rCorr   .            (no gloves)
SInv    .            (no boots)
Will    .....        (no amulet)
Stlth   ++           (no ring)
HPRegen 0.22/turn    (no ring)
MPRegen 0.07/turn

%: no passive effects
@: no status effects
A: no striking features
a: no special abilities


You were on level 1 of the Dungeon.
You visited 1 branch of the dungeon, and saw 1 of its levels.

You collected 32 gold pieces.

Inventory:

Hand Weapons
 a - a +2 dagger (weapon)
 c - a +0 quarterstaff
Missiles
 b - 2 curare-tipped darts
 i - 3 stones (quivered)
Armour
 f - a +0 leather armour (worn)
Scrolls
 d - a scroll of vulnerability
 g - a scroll of noise {unknown}
 h - a scroll of blinking {unknown}
Potions
 e - a potion of brilliance
 j - 2 potions of heal wounds {unknown}


   Skills:
 + Level 3.7 Staves
 + Level 2.8 Throwing
 + Level 1.0 Armour
 + Level 1.7 Stealth


You couldn't memorise any spells.
You didn't know any spells.
Your spell library was empty.

Dungeon Overview and Level Annotations

Branches:
Dungeon (1/15)

Altars:


Message History

The bat hits you but does no damage.
You see here a +0 short sword.
You barely miss the bat. The bat closely misses you.
You hit the bat.
You kill the bat!
A quokka comes into view.
A dart slug comes into view.
Found a stone staircase leading down.
Found a robe.
The quokka barely misses you.
You closely miss the quokka.
The quokka bites you but does no damage.
The quokka bites you.
You barely miss the quokka. The quokka closely misses you.
You closely miss the quokka. The quokka closely misses you.
You closely miss the quokka. The quokka bites you.
You hit the quokka but do no damage. The quokka closely misses you.
You hit the quokka.
The quokka is moderately wounded.
The quokka barely misses you. The quokka bites you.
You barely miss the quokka. The quokka closely misses you.
You miss the quokka. The quokka closely misses you.
You closely miss the quokka. The quokka barely misses you.
You completely miss the quokka. The quokka misses you.
The dart slug briefly extends its eye-stalks.
You hit the quokka but do no damage. The quokka barely misses you.
The quokka bites you.
* * * LOW HITPOINT WARNING * * *
You miss the quokka.
The quokka bites you but does no damage.
You hit the quokka.
The quokka is severely wounded.
The quokka bites you but does no damage.
You hit the quokka but do no damage.
The quokka is severely wounded.
The quokka bites you.
* * * LOW HITPOINT WARNING * * *
You closely miss the quokka.
The quokka is severely wounded.
The quokka bites you.
You die...

..[.#.#. ##......
.>....## #......
.....# .w..# #r#.#
#@#.# #.#.#
####.#.###.#
#..........#
#.##.#.#############
# #..#.............#
##.#############.#
#.# #......# #.#
#.######


You could see a dart slug and a quokka.

Vanquished Creatures
  2 bats (D:1)
  2 kobolds (D:1)
4 creatures vanquished.

Notes
Turn   | Place    | Note
-------+----------+-------------------------------------------
     0 | D:1      | xian the Demonspawn Wanderer began the quest for the Orb.
     0 | D:1      | xian set off with the following items: a +2 dagger, 2
                  | curare-tipped darts, a +0 quarterstaff, a scroll of
                  | vulnerability, a potion of brilliance, a +0 leather armour.
     0 | D:1      | Reached XP level 1. HP: 13/13 MP: 1/1
   274 | D:1      | Slain by a quokka

Illustrated notes

Levels and vault maps discovered:
D:1:      dpeg_arrival_renting, layout_basic

Action                     || total
---------------------------++-------
  Melee: Dagger            ||    29
 Armour: Leather armour    ||     9
  Dodge: Dodged            ||    22

Table legend: (Time is in decaauts)
 A = Elapsed time spent in this place.
 B = Non-inter-level travel time spent in this place.
 C = Inter-level travel time spent in this place.
 D = Time resting spent in this place.
 E = Time spent auto-exploring this place.
 F = Levels seen in this place.
 G = Mean time per level.
                   A        B        C        D        E       F      G
               +--------+--------+--------+--------+--------+-----+--------+
         Total |    274 |    274 |      0 |      0 |    194 |   1 |  274.0 |
       Dungeon |    274 |    274 |      0 |      0 |    194 |   1 |  274.0 |
               +--------+--------+--------+--------+--------+-----+--------+

Top non-repeatable levels by time:
     D:1: 274 daAuts
